 Dungeon Crawl Stone Soup version 0.29-a0-557-g43b9904bd1 (webtiles) character file.

Game seed: 2289175019654370274

8520 Rohain the Thaumaturge (level 11, -2/86 HPs)
             Began as a Gnoll Warper on June 8, 2022.
             Was the Champion of Okawaru.
             Shot with a sling bullet by something (12 damage)
             ... on level 10 of the Dungeon.
             The game lasted 00:31:01 (12541 turns).

Rohain the Thaumaturge (Gnoll Warper)              Turns: 12541, Time: 00:31:02

Health: -2/86      AC:  9    Str: 14    XL:     11   Next: 32%
Magic:  10/32      EV: 17    Int: 18    God:    Okawaru [******]
Gold:   169        SH:  0    Dex: 18    Spells: 12/26 levels left

rFire   . . .      SeeInvis .   O - +5 scimitar
rCold   . . .      Faith    .   e - orb {*channel}
rNeg    . . .      Spirit   .   p - +2 robe of the Solstice {rPois Str+2 Stlth-}
rPois   +          Reflect  .   t - +0 hat of the Stone Wall {rPois Regen+ Int+3}
rElec   .          Harm     .   n - +0 cloak
rCorr   .          Rampage  .   h - +0 pair of gloves
Will    .....                   m - +1 pair of boots
Stlth   ++........              (no amulet)
HPRegen 1.04/turn               g - ring of magical power
MPRegen 0.23/turn               u - +6 ring of dexterity

@: on blink cooldown
A: fangs 1, strong nose, distributed training
a: Renounce Religion, Heroism, Finesse, Duel


You were on level 10 of the Dungeon.
You worshipped Okawaru.
Okawaru was exalted by your worship.
You visited 2 branches of the dungeon, and saw 11 of its levels.

You collected 383 gold pieces.
You spent 214 gold pieces at shops.

Inventory:

Hand Weapons
 a - a +1 falchion of flaming
 C - a +1 spear of venom
 O - a +5 scimitar (weapon)
Missiles
 d - 6 boomerangs of dispersal
 k - a curare-tipped dart (quivered)
 y - 2 atropa-tipped darts
 A - 2 boomerangs
 L - 4 javelins
 M - 12 poisoned darts
Armour
 b - a +0 leather armour
 e - an orb of energy (worn)
 h - a +0 pair of gloves (worn)
 m - a +1 pair of boots (worn)
 n - a +0 cloak (worn)
 p - the +2 robe of the Solstice (worn) {rPois Str+2 Stlth-}
   (You found it on level 2 of the Dungeon)

   Str:       It affects your strength (+2).
   rPois:     It protects you from poison.
   Stlth:     It makes you less stealthy.
 t - the +0 hat of the Stone Wall (worn) {rPois Regen+ Int+3}
   (You acquired it on level 6 of the Dungeon)

   Int:       It affects your intelligence (+3).
   rPois:     It protects you from poison.
   Regen:     It increases your rate of health regeneration.
Jewellery
 g - a ring of magical power (left hand)
 r - a ring of positive energy
 u - a +6 ring of dexterity (right hand)
 x - a +4 ring of protection
 B - a +6 ring of strength
 E - an amulet of faith
 J - a ring of poison resistance
Wands
 o - a wand of iceblast (4)
 K - a wand of acid (3)
Scrolls
 c - a scroll of enchant armour
 i - 6 scrolls of immolation
 v - a scroll of poison
 I - 3 scrolls of identify
 N - a scroll of amnesia
Potions
 f - 3 potions of lignification
 j - 2 potions of degeneration
 q - 3 potions of attraction
 s - 2 potions of flight {unknown}
 w - a potion of brilliance
 z - 4 potions of curing {unknown}
 D - a potion of cancellation {unknown}
 F - 2 potions of might
 G - a potion of ambrosia
 H - 2 potions of mutation {unknown}


   Skills:
 + Level 7.8 Fighting
 + Level 6.2 Short Blades
 + Level 7.8 Long Blades
 + Level 6.2 Axes
 + Level 6.2 Maces & Flails
 + Level 6.2 Polearms
 + Level 6.2 Staves
 + Level 6.2 Slings
 + Level 6.2 Bows
 + Level 6.2 Crossbows
 + Level 6.7 Throwing
 + Level 6.7 Armour
 + Level 7.8 Dodging
 + Level 6.2 Stealth
 + Level 6.2 Shields
 + Level 6.2 Unarmed Combat
 + Level 8.0 Spellcasting
 + Level 5.1 Conjurations
 + Level 5.1 Hexes
 + Level 5.1 Summonings
 + Level 5.1 Necromancy
 + Level 7.6 Translocations
 + Level 5.1 Transmutations
 + Level 5.1 Fire Magic
 + Level 5.1 Ice Magic
 + Level 5.1 Air Magic
 + Level 5.1 Earth Magic
 + Level 5.1 Poison Magic
 + Level 6.8 Invocations
 + Level 6.2 Evocations


You had 12 spell levels left.
You knew the following spells:

 Your Spells              Type           Power      Damage    Failure   Level
a - Blink                 Tloc           68%        N/A       1%          2
b - Stone Arrow           Conj/Erth      50%        3d10      3%          3
c - Sting                 Tmut/Pois      100%       1d8       1%          1
d - Teleport Other        Tloc           34%        N/A       1%          3
e - Manifold Assault      Tloc           34%        N/A       12%         5

Your spell library contained the following spells:

 Spells                   Type           Power      Damage    Failure   Level
 Poisonous Vapours        Pois/Air       50%        N/A       1%          2
 Gell's Gravitas          Tloc           34%        N/A       1%          3
 Lesser Beckoning         Tloc           34%        N/A       1%          3
 Frozen Ramparts          Ice            50%        1d7       3%          3
 Ice Form                 Ice/Tmut       25%        N/A       12%         4
 Olgreb's Toxic Radiance  Pois           25%        N/A       12%         4
 Lehudib's Crystal Spear  Conj/Erth      12%        10d4      100%        8
 Animate Armour           Summ/Erth      Unusable   N/A       N/A         4
 Summon Ice Beast         Ice/Summ       Unusable   N/A       N/A         4

Dungeon Overview and Level Annotations

Branches:
Dungeon (10/15)            Temple (1/1) D:4            Lair (0/6) D:8
    Orc: D:9-12

Altars:
Ashenzari
Cheibriados
Dithmenos
Elyvilon
Fedhas
Gozag
Hepliaklqana
Kikubaaqudgha
Makhleb
Nemelex Xobeh
Okawaru
Qazlal
Ru
Sif Muna
Trog
Uskayaw
Vehumet
Wu Jian
Xom
Yredelemnul
Zin
The Shining One

Shops:
D:1 (   D:4 [:!   D:6 !   D:7 ?=!=*

Annotations:
D:2 Terence
D:8 Maggie


Innate Abilities, Weirdness & Mutations

You have very sharp teeth.
Your uncanny sense of smell can sniff out nearby items.
Your experience applies equally to all skills.


Message History

Throw: 2 darts (curare)
Press: ? - help, Q - select action, (/) - cycle Shift-Dir - straight line, f/p - Lodul
Aim: Lodul, wielding a +0 dire flail (moderately wounded, extremely poisoned, slow, 76% to hit)
You throw a curare-tipped dart. The curare-tipped dart hits Lodul.
Lodul looks as sick as possible!
Lodul convulses.
Lodul seems to be slow for longer.
Lodul is heavily wounded.
A sling bullet appears from out of thin air!
The sling bullet hits you!
Casting: Blink (safe; 1% risk of failure)
Confirm with . or Enter, or press ? or * to list all spells.
Aiming: Stone Arrow (mildly dangerous; 3% risk of failure)
Press: ? - help, Shift-Dir - straight line, f/p - Lodul
Aim: Lodul, wielding a +0 dire flail (heavily wounded, extremely poisoned, slow, 83% to hit)
The stone arrow hits Lodul!
Lodul is severely wounded.
A sling bullet appears from out of thin air!
The sling bullet hits you!
A sling bullet appears from out of thin air!
The sling bullet hits you.
Casting: Stone Arrow (mildly dangerous; 3% risk of failure)
Confirm with . or Enter, or press ? or * to list all spells.
Aiming: Stone Arrow (mildly dangerous; 3% risk of failure)
Press: ? - help, Shift-Dir - straight line, f/p - Lodul
Aim: Lodul, wielding a +0 dire flail (severely wounded, extremely poisoned, slow, 83% to hit)
The stone arrow hits Lodul!!
Lodul is almost dead.
Lodul hits you with a +0 dire flail!!
* * * LOW HITPOINT WARNING * * *
Casting: Stone Arrow (mildly dangerous; 3% risk of failure)
Confirm with . or Enter, or press ? or * to list all spells.
You blink.
You kill Lodul!
Okawaru is honoured by your kill. Okawaru grants you armour!
Something appears at your feet!
You see here a +2 scale mail of cold resistance.
A sling bullet appears from out of thin air!
The sling bullet hits you!
You die...

......#...... ............
........###.####.# ...OO..####
#......#....)....# ..........
#...#..#.#.##....# .O........
.......#.#)##....####.#.......
.....#.#...)ยง..O.......>....#
.....#.#.#)#.).##.##......#.#
###.#......<.#.#...').....#.#####
#.#.#.###..#.(@).#............
....... #..###(..##(....#..#.#
#..#####.#....###.##.#......!.#
#.# .##.#####.##.#......#.# .#..
##.>.!................# .#.. ####
##...###..##.#..# .#.. #.#.###..#
.# .# ... #.....#..# . # .. #
#..####..# #


There were no monsters in sight!

Vanquished Creatures
  2 two-headed ogres
  Nergalle (D:10)
  Lodul (D:10)
  Maurice (D:10)
  A cyclops (D:9)
  Psyche (D:8)
  A hornet (D:10)
  Grinder (D:3)
  A troll (D:9)
  A yak (D:8)
  A hog (D:8)
  2 wyverns
  Grum (D:9)
  A water moccasin (D:6)
  2 orc warriors
  4 ice beasts
  A sky beast (D:6)
  2 black bears (D:8)
  4 centaurs
  10 ogres
  3 phantoms
  A kobold brigand (D:10)
  3 gnoll sergeants
  4 bullfrogs
  A scorpion (D:6)
  3 wights (D:10)
  8 killer bees
  4 electric eels
  2 gnoll shamans
  2 orc priests (D:6)
  11 hounds
  4 iguanas
  3 orc wizards
  8 adders
  17 gnolls
  A white imp (D:6)
  An ufetubus (D:6)
  2 worms
  18 orcs
  5 bats
  4 endoplasms
  3 giant cockroaches
  9 hobgoblins
  2 quokkas
  2 ball pythons
  7 frilled lizards
  4 goblins
  9 kobolds
  2 rats
182 creatures vanquished.

Vanquished Creatures (others)
  A gnoll (D:6)
  A fungus (D:1)
  76 plants
78 creatures vanquished.

Grand Total: 260 creatures vanquished

Notes
Turn   | Place    | Note
-------+----------+-------------------------------------------
     0 | D:1      | Rohain the Gnoll Warper began the quest for the Orb.
     0 | D:1      | Reached XP level 1. HP: 20/20 MP: 6/6
   403 | D:1      | Reached XP level 2. HP: 26/26 MP: 7/7
   406 | D:1      | Learned a level 2 spell: Blink
   458 | D:1      | Found Nyig's Weapon Boutique.
   469 | D:1      | Found a faded altar of an unknown god.
  1064 | D:2      | Reached XP level 3. HP: 21/31 MP: 9/9
  1093 | D:2      | Reached skill level 5 in Spellcasting
  1281 | D:2      | Reached skill level 1 in Invocations
  1515 | D:2      | Noticed Terence
  1898 | D:2      | Reached skill level 1 in Short Blades
  1898 | D:2      | Reached skill level 1 in Axes
  1898 | D:2      | Reached skill level 1 in Maces & Flails
  1898 | D:2      | Reached skill level 1 in Polearms
  1898 | D:2      | Reached skill level 1 in Staves
  1898 | D:2      | Reached skill level 1 in Slings
  1898 | D:2      | Reached skill level 1 in Bows
  1898 | D:2      | Reached skill level 1 in Crossbows
  1898 | D:2      | Reached skill level 1 in Stealth
  1898 | D:2      | Reached skill level 1 in Shields
  1898 | D:2      | Reached skill level 1 in Unarmed Combat
  1898 | D:2      | Reached skill level 1 in Evocations
  1898 | D:2      | Reached XP level 4. HP: 38/38 MP: 11/11
  1907 | D:2      | Identified the +2 robe of the Solstice {rPois Str+2 Stlth-}
  2110 | D:3      | Reached skill level 1 in Conjurations
  2110 | D:3      | Reached skill level 1 in Hexes
  2110 | D:3      | Reached skill level 1 in Summonings
  2110 | D:3      | Reached skill level 1 in Necromancy
  2110 | D:3      | Reached skill level 1 in Transmutations
  2110 | D:3      | Reached skill level 1 in Fire Magic
  2110 | D:3      | Reached skill level 1 in Ice Magic
  2110 | D:3      | Reached skill level 1 in Air Magic
  2110 | D:3      | Reached skill level 1 in Earth Magic
  2110 | D:3      | Reached skill level 1 in Poison Magic
  2263 | D:3      | Noticed Grinder
  2269 | D:3      | Paralysed by Grinder for 2 turns
  2537 | D:4      | Found Sant's Book Boutique.
  2641 | D:5      | Entered Level 5 of the Dungeon
  2768 | D:5      | Noticed an ice beast
  3205 | D:5      | Reached XP level 5. HP: 29/43 MP: 12/12
  3289 | D:5      | Noticed an ogre
  3532 | D:4      | Found Utuk's Distillery.
  3540 | D:4      | Bought a potion of heal wounds for 70 gold pieces
  3556 | D:4      | Found Tann's Antique Armour Boutique.
  3693 | D:4      | Found a staircase to the Ecumenical Temple.
  3807 | Temple   | Entered the Ecumenical Temple
  4094 | Temple   | Became a worshipper of Warmaster Okawaru
  4376 | D:4      | Reached XP level 6. HP: 22/50 MP: 13/13
  4556 | D:4      | Learned a level 3 spell: Stone Arrow
  5058 | D:5      | Killed an ice beast
  5059 | D:5      | Reached skill level 5 in Fighting
  5059 | D:5      | Reached skill level 5 in Long Blades
  5059 | D:5      | Reached skill level 5 in Dodging
  5496 | D:3      | Learned a level 1 spell: Sting
  5697 | D:3      | Paralysed by Grinder for 2 turns
  5709 | D:3      | Killed Grinder
  5709 | D:3      | Reached * piety under Okawaru
  5710 | D:3      | Reached XP level 7. HP: 32/56 MP: 2/15
  6651 | D:6      | Noticed a two-headed ogre
  6691 | D:6      | Killed a two-headed ogre
  6691 | D:6      | Reached ** piety under Okawaru
  6692 | D:6      | Reached skill level 6 in Spellcasting
  6692 | D:6      | Reached XP level 8. HP: 16/64 MP: 9/17
  7748 | D:6      | Reached *** piety under Okawaru
  7749 | D:6      | Found Iblah's Distillery.
  7763 | D:6      | Reached XP level 9. HP: 65/69 MP: 11/18
  8289 | D:6      | Bought a potion of might for 48 gold pieces
  8289 | D:6      | Bought a potion of ambrosia for 96 gold pieces
  8905 | D:6      | Reached skill level 5 in Throwing
  8905 | D:6      | Reached skill level 5 in Armour
  9262 | D:6      | Identified a scroll of acquirement
  9262 | D:6      | Acquired the +0 hat of the Stone Wall {rPois Regen+ Int+3}
  9314 | D:7      | Found Fischubics's General Store.
  9356 | D:7      | Found Momia's Magic Scroll Boutique.
  9584 | D:6      | Learned a level 3 spell: Teleport Other
  9846 | D:7      | Reached **** piety under Okawaru
 10015 | D:7      | Found Kayts's Jewellery Shop.
 10033 | D:7      | Reached skill level 5 in Invocations
 10119 | D:7      | Found Noufumu's Jewellery Shop.
 10142 | D:7      | Found Ceawer's Distillery.
 10210 | D:8      | Noticed Psyche
 10224 | D:8      | Killed Psyche
 10225 | D:8      | Reached skill level 7 in Spellcasting
 10290 | D:8      | Noticed Maggie
 10317 | D:8      | Reached XP level 10. HP: 58/77 MP: 20/20
 10562 | D:8      | Reached skill level 5 in Short Blades
 10562 | D:8      | Reached skill level 5 in Axes
 10562 | D:8      | Reached skill level 5 in Maces & Flails
 10562 | D:8      | Reached skill level 5 in Polearms
 10562 | D:8      | Reached skill level 5 in Staves
 10562 | D:8      | Reached skill level 5 in Slings
 10562 | D:8      | Reached skill level 5 in Bows
 10562 | D:8      | Reached skill level 5 in Crossbows
 10562 | D:8      | Reached skill level 5 in Stealth
 10562 | D:8      | Reached skill level 5 in Shields
 10562 | D:8      | Reached skill level 5 in Unarmed Combat
 10562 | D:8      | Reached skill level 5 in Evocations
 10618 | D:8      | Reached ***** piety under Okawaru
 10690 | D:8      | Found a staircase to the Lair.
 10719 | D:8      | You fall into a shaft and drop 1 floor!
 10918 | D:9      | Found a sparkling altar of Nemelex Xobeh.
 11011 | D:9      | Received a gift from Okawaru
 11095 | D:9      | Noticed a two-headed ogre
 11107 | D:9      | Killed a two-headed ogre
 11107 | D:9      | Received a gift from Okawaru
 11430 | D:9      | Noticed a cyclops
 11444 | D:9      | Killed a cyclops
 11719 | D:9      | Noticed Grum
 11723 | D:9      | Killed Grum
 11764 | D:10     | Entered Level 10 of the Dungeon
 11785 | D:10     | Noticed Maurice
 11864 | D:10     | Killed Maurice
 11865 | D:10     | Reached XP level 11. HP: 74/84 MP: 22/22
 11995 | D:10     | Noticed Nergalle
 12000 | D:10     | Noticed a spectral orc warlord
 12036 | D:10     | Killed Nergalle
 12037 | D:10     | Reached skill level 5 in Conjurations
 12037 | D:10     | Reached skill level 5 in Hexes
 12037 | D:10     | Reached skill level 5 in Summonings
 12037 | D:10     | Reached skill level 5 in Necromancy
 12037 | D:10     | Reached skill level 5 in Transmutations
 12037 | D:10     | Reached skill level 5 in Fire Magic
 12037 | D:10     | Reached skill level 5 in Ice Magic
 12037 | D:10     | Reached skill level 5 in Air Magic
 12037 | D:10     | Reached skill level 5 in Earth Magic
 12037 | D:10     | Reached skill level 5 in Poison Magic
 12170 | D:10     | Learned a level 5 spell: Manifold Assault
 12188 | D:10     | Noticed Lodul
 12209 | D:10     | Reached skill level 8 in Spellcasting
 12216 | D:10     | Received a gift from Okawaru
 12541 | D:10     | Killed Lodul
 12541 | D:10     | Reached ****** piety under Okawaru
 12541 | D:10     | Received a gift from Okawaru
 12541 | D:10     | Shot with a sling bullet by something

Illustrated notes

Levels and vault maps discovered:
D:1:      lightli_arrival_boilingwater, layout_basic, serial_shops,
          nicolae_shop_bloodbath_and_beyond, dreamdust_ecumenical_altar_grove
D:2:      layout_rooms, uniq_terence
D:3:      layout_basic, serial_forest, infiniplex_forest_pool,
          infiniplex_forest_clump_tiny, infiniplex_forest_clump_large,
          infiniplex_forest_lined_corner, infiniplex_forest_clump_cross,
          infiniplex_forest_end_double, uniq_grinder
D:4:      layout_basic, minmay_temple_entry_hall, serial_shops, shop, shop,
          nicolae_square_shop
D:5:      layout_basic, minivault_27, minmay_starry_boxes
D:6:      layout_basic, serial_shops, nicolae_shop_statue_plus,
          chequers_big_river, eino_curves_02
D:7:      layout_rooms, serial_shops, nicolae_diamond_shop,
          nicolae_stop_n_shop_2, kennysheep_little_box, shop,
          nicolae_take_the_stairs
D:8:      kennysheep_town, uniq_psyche, uniq_maggie
D:9:      layout_cave_pools, nemelex_xobeh_ov_fountains_minmay,
          serial_gnoll_camp, gnoll_camp_mini_basic, grums_kennel,
          gnoll_camp_mini_house, gnoll_camp_mini_hut, small_chamber_with_monster
D:10:     layout_basic, uniq_maurice, uniq_lodul, uniq_nergalle
Temple:   mainiacjoe_temple_circle_huts

Skill      XL: |  1  2  3  4  5  6  7  8  9 10 11 |
---------------+----------------------------------+-----
Spellcasting   | 5 6 7 8 |  8.0
Invocations    | 1 2 3 4 5 6 |  6.8
Short Blades   | 1 2 3 4 5 6 |  6.2
Axes           | 1 2 3 4 5 6 |  6.2
Maces & Flails | 1 2 3 4 5 6 |  6.2
Polearms       | 1 2 3 4 5 6 |  6.2
Staves         | 1 2 3 4 5 6 |  6.2
Slings         | 1 2 3 4 5 6 |  6.2
Bows           | 1 2 3 4 5 6 |  6.2
Crossbows      | 1 2 3 4 5 6 |  6.2
Stealth        | 1 2 3 4 5 6 |  6.2
Shields        | 1 2 3 4 5 6 |  6.2
Unarmed Combat | 1 2 3 4 5 6 |  6.2
Evocations     | 1 2 3 4 5 6 |  6.2
Conjurations   | 1 2 3 4 5 |  5.1
Hexes          | 1 2 3 4 5 |  5.1
Summonings     | 1 2 3 4 5 |  5.1
Necromancy     | 1 2 3 4 5 |  5.1
Transmutations | 1 2 3 4 5 |  5.1
Fire Magic     | 1 2 3 4 5 |  5.1
Ice Magic      | 1 2 3 4 5 |  5.1
Air Magic      | 1 2 3 4 5 |  5.1
Earth Magic    | 1 2 3 4 5 |  5.1
Poison Magic   | 1 2 3 4 5 |  5.1
Throwing       | 3 4 5 6 |  6.7
Armour         | 3 4 5 6 |  6.7
Fighting       | 5 6 7 |  7.8
Long Blades    | 5 6 7 |  7.8
Dodging        | 5 6 7 |  7.8
Translocations | 6 7 |  7.6

Action                   |  1- 3 |  4- 6 |  7- 9 | 10-12 || total
-------------------------+-------+-------+-------+-------++-------
Melee: Falchion          |   131 |   197 |   168 |   108 ||   604
       Bite              |     7 |    16 |    23 |    25 ||    71
       Scimitar          |       |       |       |    65 ||    65
Throw: Dart              |       |     7 |     5 |    14 ||    26
       Boomerang         |       |     2 |     2 |       ||     4
 Cast: Blink             |       |    14 |    14 |    14 ||    42
       Stone Arrow       |       |    11 |    51 |    65 ||   127
       Sting             |       |     6 |    28 |    25 ||    59
       Teleport Other    |       |       |     1 |       ||     1
       Manifold Assault  |       |       |       |     2 ||     2
Invok: Finesse           |       |       |       |     1 ||     1
  Use: Scroll            |     1 |     7 |     9 |     3 ||    20
       Potion            |       |     1 |     1 |       ||     2
 Stab: Sleeping          |     1 |       |     1 |     2 ||     4
       Invisible         |       |     1 |       |       ||     1
Armor: Leather armour    |    52 |       |       |       ||    52
       Robe              |       |    58 |    48 |    48 ||   154
Dodge: Dodged            |    99 |   162 |   122 |   195 ||   578

Table legend: (Time is in decaauts)
 A = Elapsed time spent in this place.
 B = Non-inter-level travel time spent in this place.
 C = Inter-level travel time spent in this place.
 D = Time resting spent in this place.
 E = Time spent auto-exploring this place.
 F = Levels seen in this place.
 G = Mean time per level.
                   A        B        C        D        E       F      G
               +--------+--------+--------+--------+--------+-----+--------+
         Total |  12564 |  12139 |    425 |   4032 |   5371 |  11 | 1142.2 |
       Dungeon |  12255 |  11882 |    373 |   4032 |   5135 |  10 | 1225.5 |
        Temple |    309 |    257 |     52 |      0 |    236 |   1 |  309.0 |
               +--------+--------+--------+--------+--------+-----+--------+

Top non-repeatable levels by time:
     D:6: 2705 daAuts
     D:5: 1974 daAuts
     D:4: 1750 daAuts
     D:9: 1181 daAuts
     D:1: 1091 daAuts
     D:3: 968 daAuts
     D:2: 880 daAuts
    D:10: 632 daAuts
     D:7: 561 daAuts
     D:8: 507 daAuts
  Temple: 309 daAuts
